 Dungeon Crawl Stone Soup version 0.21-a0-88-g13b9641 (webtiles) character file.

84 Ijustatesigmund the Sneak (level 4, 0/31 HPs)
             Began as an Octopode Assassin on June 27, 2017.
             Succumbed to an adder's poison
             ... on level 2 of the Dungeon.
             The game lasted 00:02:45 (1840 turns).

Ijustatesigmund the Sneak (Octopode Assassin)       Turns: 1840, Time: 00:02:46

Health: 0/31       AC:  1    Str: 10    XL:     4   Next: 45%
Magic:  4/4        EV: 14    Int: 13    God:
Gold:   60         SH:  0    Dex: 14    Spells: 3/3 levels left

rFire    . . .     SeeInvis .   e - +2 short sword (holy)
rCold    . . .     Gourm    .   (no shield)
rNeg     . . .     Faith    .   (helmet restricted)
rPois    .         Spirit   .   (no amulet)
rElec    .         Reflect  .   (no ring)
rCorr    .         Harm     .   (no ring)
MR       .....                  (no ring)
Stlth    ++++......             (no ring)
HPRegen  0.10/turn              (no ring)
MPRegen  0.09/turn              (no ring)
                                (no ring)
                                (no ring)

@: lethally poisoned (0 -> -2)
A: almost no armour, stealthy swim, amphibious, 8 rings, constrict 8, camouflage
1, gelatinous body 1
a: no special abilities


You were on level 2 of the Dungeon.
You were hungry.

You visited 1 branch of the dungeon, and saw 2 of its levels.

You collected 60 gold pieces.

Inventory:

Hand Weapons
 a - a +2 dagger
 b - a +0 blowgun
 e - a +2 short sword of holy wrath (weapon)
Missiles
 c - 8 poisoned needles
 d - 2 curare-tipped needles
 j - 2 throwing nets (quivered)
Armour
 k - a +0 shield
Scrolls
 l - a scroll of blinking
Potions
 i - a potion of brilliance
Comestibles
 f - a bread ration
 g - 4 fruits
 h - 2 meat rations


   Skills:
 + Level 3.1 Fighting
 + Level 3.0 Short Blades
 - Level 2.0 Throwing
 + Level 2.3 Dodging
 - Level 5.3 Stealth


You had 3 spell levels left.
You didn't know any spells.

Dungeon Overview and Level Annotations

Branches:
Dungeon (2/15)

Altars:


Innate Abilities, Weirdness & Mutations

You cannot wear most types of armour.
You are very stealthy in the water. (Stealth+)
You are amphibious.
You can wear up to eight rings at the same time.
You can use your tentacles to constrict eight enemies at once.
Your skin changes colour to match your surroundings (Stealth+).
Your rubbery body absorbs attacks. (AC +1, EV +1)


Message History

The hobgoblin misses you.
You hit the hobgoblin. You grab the hobgoblin.
The hobgoblin is heavily wounded.
You constrict the hobgoblin.
* * * LOW HITPOINT WARNING * * *
You feel sick. The hobgoblin closely misses you.
You hit the hobgoblin.
You kill the hobgoblin!
* * * LOW HITPOINT WARNING * * *
You feel sick.
Things that are here:
a mace; a hobgoblin corpse; a rat corpse
Okay, then.
* * * LOW HITPOINT WARNING * * *
You feel sick.
* * * LOW HITPOINT WARNING * * *
You feel sick.
* * * LOW HITPOINT WARNING * * *
You feel sick.
You die...

#.###...#...# ###
######....#.......#
..?.......#.......#
######..?#.......+
......†...#.......#
###.......#.......#
.#.......#.......#
........†........#
#.##...#.@....... #
#...#<.....###
#...#......#
.....+......# ###..
#......# #.
#......# #......#
#......#


There were no monsters in sight!

Vanquished Creatures
  3 gnolls (D:2)
  An adder (D:2)
  An ooze (D:2)
  A worm (D:2)
  A dart slug (D:1)
  A leopard gecko (D:2)
  6 giant cockroaches
  5 hobgoblins
  2 kobolds
  A ball python (D:1)
  3 bats
  2 frilled lizards
  3 goblins
  5 rats
35 creatures vanquished.

Notes
Turn   | Place    | Note
-------+----------+-------------------------------------------
     0 | D:1      | Ijustatesigmund the Octopode Assassin began the quest for the Orb.
     0 | D:1      | Reached XP level 1. HP: 14/14 MP: 1/1
   264 | D:1      | Reached XP level 2. HP: 2/19 MP: 2/2
  1276 | D:2      | Reached XP level 3. HP: 25/25 MP: 3/3
  1364 | D:2      | Reached XP level 4. HP: 7/30 MP: 4/4
  1832 | D:2      | HP: 1/31 [poisoned by an adder]
  1840 | D:2      | Succumbed to an adder's poison

Vault maps used:
D:1:      dpeg_arrival_prison, minivault_14, hangedman_glass_teeth
D:2:      lemuel_round_altar

Skill      XL: |  1  2  3  4 |
---------------+-------------+-----
Dodging        | 2 |  2.3
Fighting       | 3 |  3.1
Short Blades   | 3 |  3.0
Throwing       | |  2.0
Stealth        | |  5.3

Action                   |  1- 3 |  4- 6 || total
-------------------------+-------+-------++-------
Melee: Dagger            |    15 |       ||    15
       Constrict         |    10 |     4 ||    14
       Tentacles         |     8 |     2 ||    10
       Short sword       |    32 |    21 ||    53
  Use: Scroll            |     2 |     2 ||     4
       Potion            |     1 |       ||     1
 Stab: Sleeping          |     7 |     5 ||    12
       Distracted        |     1 |       ||     1
  Eat: Chunk             |     1 |     1 ||     2
Armor: Skin              |    10 |     1 ||    11
Dodge: Dodged            |    23 |     9 ||    32
